 Dungeon Crawl Stone Soup version 0.13.0-25-g43d4df3 (webtiles) character file.

12855 Lacuenta the Spear-Bearer (level 11, 0/94 HPs)
             Began as a Hill Orc Fighter on Oct 28, 2013.
             Was a High Priest of Beogh.
             Shot with a poisoned arrow of flame by Nessos (4 damage)
             ... on Level 12 of the Dungeon on Oct 29, 2013.
             The game lasted 01:11:15 (12586 turns).

Lacuenta the Spear-Bearer (Hill Orc Fighter)       Turns: 12586, Time: 01:11:15

HP   0/94        AC 22     Str 21      XL: 11   Next: 88%
MP  10/10        EV  4     Int 10      God: Beogh [*****.]
Gold 714         SH 21     Dex 10      Spells:  0 memorised, 10 levels left

Res.Fire  : . . .   See Invis. : .   r - +2,+1 orc trident
Res.Cold  : . . .   Warding    : .   a - +0 orc plate armour
Life Prot.: . . .   Conserve   : .   c - +0 orc shield
Res.Poison: .       Res.Corr.  : .   o - +0 visored helmet (curse)
Res.Elec. : .       Clarity    : .   (no cloak)
Sust.Abil.: . .     Spirit.Shd : .   J - +0 pair of gauntlets
Res.Mut.  : +       Stasis     : .   L - +0 pair of boots (curse)
Res.Rott. : .       Flight     : .   B - amulet of resist mutation
Saprovore : + . .                    u - cursed ring of invisibility
                                     p - ring of sustenance

@: quite poisoned, somewhat resistant to hostile enchantments, extremely
unstealthy
A: walk on water, saprovore 1
a: Smiting, Recall Orcish Followers, Renounce Religion, Evoke Invisibility


You were on level 12 of the Dungeon.
You worshipped Beogh.
Beogh was extremely pleased with you.
You were not hungry.

You visited 1 branch of the dungeon, and saw 12 of its levels.
You also visited: Bailey.

You collected 694 gold pieces.

Inventory:

Hand weapons
 e - the cursed +2,+3 scimitar "Ysyaviup" {drain, Str+4}
   (You found it in a bailey)

   A truly terrible weapon, it drains the life of those it strikes.
   It affects your strength (+4).
   It has a curse placed upon it.
 r - a +2,+1 orcish trident (weapon)
 N - the +7,+7 Singing Sword
   (You found it on level 7 of the Dungeon)
Missiles
 s - 20 arrows
Armour
 a - a +0 orcish plate armour (worn)
 b - a +0 pair of orcish boots of flying
 c - a +0 orcish shield (worn)
 l - a +2 fire dragon armour
 o - a cursed +0 visored helmet (worn)
 J - a +0 pair of gauntlets (worn)
 L - a cursed +0 pair of boots (worn)
Magical devices
 t - a wand of enslavement (0)
 x - a wand of digging (17)
 C - a wand of draining (8)
 F - a wand of disintegration (7)
 H - a wand of paralysis (14) {unknown}
 I - a wand of digging (10)
 Z - a wand of frost (16)
Comestibles
 d - 6 meat rations
 f - 6 bread rations
 Q - a cheese
 U - a beef jerky
Scrolls
 g - 2 scrolls of identify
 i - 6 scrolls of teleportation
 k - 3 scrolls of recharging {unknown}
 m - 6 scrolls of enchant weapon I
 q - 2 scrolls of magic mapping {unknown}
 y - 4 scrolls of fear
 z - a scroll of blinking
 D - 3 scrolls of fog
 M - 4 scrolls of enchant weapon II
 Y - 2 scrolls of amnesia {unknown}
Jewellery
 p - a ring of sustenance (left hand)
 u - a cursed ring of invisibility (right hand)
 B - an amulet of resist mutation (around neck)
 K - an uncursed ring of wizardry
 P - an uncursed ring of ice
 R - an uncursed ring of magical power
 X - the cursed amulet "Craihuwk" {Ward rC+, unknown}
   (You found it on level 10 of the Dungeon)

   [amulet of warding]

   It protects you from cold.
   It has a curse placed upon it.
Potions
 h - 4 potions of restore abilities {unknown}
 j - 8 potions of curing {unknown}
 n - a potion of paralysis {unknown}
 v - a potion of berserk rage {unknown}
 w - 6 potions of heal wounds
 A - a potion of slowing {unknown}
 E - a potion of speed {unknown}
 G - a potion of agility {unknown}
 O - 2 potions of poison {unknown}
 S - 2 potions of flight {unknown}
 T - 2 potions of resistance {unknown}
 V - a potion of cure mutation {unknown}
Books
 W - a Necronomicon {highlevel}

   This book is beyond your current level of understanding.

   Spells                             Type                      Level
   Borgnjor's Revivification          Necromancy                   7
   Haunt                              Necromancy/Summoning         7
   Death's Door                       Charms/Necromancy            8
   Necromutation                      Transmutation/Necromancy     8


   Skills:
 + Level 9.9 Fighting
 - Level 14.0 Polearms
 - Level 12.0 Armour
 - Level 3.2 Shields


You had 10 spell levels left.
You didn't know any spells.

Dungeon Overview and Level Annotations

Branches:
Dungeon (12/27) Temple (0/1) D:6 D:7 Orc (0/4) D:10 Lair (0/8) D:12

Altars:
Ashenzari
Makhleb
Nemelex Xobeh
Okawaru
Trog
Vehumet
Xom
Zin
the Shining One

Shops:
D:8 *   D:10 /   D:11 }

Portals:
Ziggurat: D:6 (5190 gp)

Annotations:
D:3 Sigmund
D:12 Nessos


Innate Abilities, Weirdness & Mutations

You can walk on water.
You can tolerate rotten meat.


Message History

You swap places.
Nessos shoots a poisoned arrow of flame.
The poisoned arrow of flame hits Hawl.
Nessos shoots a poisoned arrow of flame.
The poisoned arrow of flame hits Hawl.
Hawl hits Nessos with the +3,+9 quarterstaff of Xom's Regard {venom, rElec rPois Dex+2}!
The very large slime creature hits you!
Ouch! That really hurt!
* * * LOW HITPOINT WARNING * * *
You block the slime creature's attack.
You see here a poisoned arrow.
You swap places.
Nessos shoots a poisoned arrow of flame.
The poisoned arrow of flame hits you!
You are more poisoned.
Beogh protects you from harm!
Nessos shoots a poisoned arrow of flame.
The poisoned arrow of flame hits you!
You are more poisoned.
You die...

.## ....## #[....##
#.....### #.....###
# ###......## ##
#..z3ooo..## ###.
##.ooo#.....# ##oo.
#..@o####...####..z.


#coJ(J# #.o.o##..... ###.....##..zo....## #......##......## ###.....##......#
##....####...# ... .....# ## #.....# ####### You could see Nessos, a very large
slime creature, a slime creature, a friendly orc knight (frenzied), the friendly
Hawl the orc knight, a friendly soul eater, a friendly orc warrior (frenzied), a
friendly orc sorcerer, the friendly Warrok the orc priest (frenzied), 3 friendly
orcs and a friendly orc zombie.

Vanquished Creatures
  Harold (D:11)
  3 orc knights (Bailey)
  A yak (D:10)
  Eustachio (D:5)
  A hungry ghost (D:9)
  A soldier ant (D:11)
  Edmund (D:5)
  Menkaure (D:6)
  An ogre (D:11)
  6 orc warriors (Bailey)
  3 ice beasts
  3 centaurs
  3 giant frogs
  2 jellies
  A hippogriff zombie (D:5)
  16 wights
  4 crimson imps
  2 killer bees (D:8)
  A goliath beetle (D:11)
  A black bear zombie (D:4)
  3 hounds
  A centaur skeleton (D:5)
  11 orc wizards
  2 iguanas
  2 orc priests
  3 worker ants
  7 scorpions (D:7)
  2 sky beast zombies (D:4)
  Ijyb (D:5)
  2 green rats (D:5)
  8 adders
  5 giant mites
  2 worms
  An adder zombie (D:6)
  28 orcs
  A bat skeleton (D:4)
  2 giant cockroaches
  14 goblins
  17 hobgoblins
  2 jackals (D:8)
  9 kobolds
  4 quokkas
  2 ball pythons
  12 bats
  3 giant geckos
  A giant gecko zombie (D:4)
  7 giant newts
  A giant spore (D:11)
  A hobgoblin zombie (D:4)
  A jackal skeleton (D:4)
  A kobold skeleton (D:7)
  An orc skeleton (D:8)
  An orc zombie (D:4)
  9 rats
  A rat skeleton (D:4)
  A rat zombie (D:4)
  3 ballistomycetes (D:11)
  A fungus (D:7)
226 creatures vanquished.

Vanquished Creatures (collateral kills)
  Erolcha (D:10)
  A hydra (D:12)
  The ghost of TurtleSmacker the Hoplite, a powerful DsFi of Okawaru (D:11)
  An unseen horror (D:12)
  Joseph (D:12)
  5 hill giants
  The ghost of Shauncat the Cudgeler, an experienced GrFi (D:8)
  7 slime creatures
  3 trolls
  A basilisk (D:10)
  8 yaks
  3 hippogriffs
  A hungry ghost (D:9)
  3 orc warriors
  A yellow wasp (D:8)
  A sky beast (D:10)
  2 ice beasts
  A crocodile (D:12)
  2 wargs (D:10)
  A centaur (D:12)
  A water moccasin (D:11)
  2 giant frogs
  An eye of draining (D:8)
  7 wights
  2 killer bees (D:8)
  2 goliath beetles
  A crimson imp (D:8)
  2 jellies
  A centaur skeleton (D:11)
  A hound (D:11)
  6 orc priests
  2 scorpions
  An orc wizard (D:7)
  A worker ant (D:11)
  A worm zombie (D:9)
  An adder (D:7)
  A giant mite (D:7)
  A giant gecko (D:7)
  7 orcs
  3 bats
  A bat skeleton (D:8)
  A goblin (D:10)
  2 hobgoblins (D:11)
  A jackal (D:8)
  2 kobolds
  2 rats
  3 ballistomycetes (D:11)
101 creatures vanquished.

Vanquished Creatures (others)
  An orc warrior (D:10)
  A giant frog (D:6)
  A giant frog zombie (D:11)
  3 orc wizards
  A worker ant (D:11)
  An ufetubus (D:12)
  10 orcs
  A giant spore (D:11)
  A hobgoblin zombie (D:11)
20 creatures vanquished.

Grand Total: 347 creatures vanquished

Notes
Turn   | Place    | Note
--------------------------------------------------------------
     0 | D:1      | Lacuenta, the Hill Orc Fighter, began the quest for the Orb.
     0 | D:1      | Reached XP level 1. HP: 19/19 MP: 0/0
   119 | D:1      | Reached XP level 2. HP: 23/26 MP: 1/1
   125 | D:1      | Reached skill level 4 in Fighting
   483 | D:1      | Reached XP level 3. HP: 33/33 MP: 2/2
  1038 | D:2      | Reached XP level 4. HP: 32/40 MP: 3/3
  1286 | D:3      | Noticed Sigmund
  1545 | D:3      | Found a sparkling altar of Nemelex Xobeh.
  1608 | D:3      | Found a sparkling altar of Nemelex Xobeh.
  1608 | D:3      | Found an iron altar of Okawaru.
  2016 | D:3      | Became a worshipper of Beogh the Brigand
  2198 | D:3      | Reached skill level 5 in Fighting
  2351 | D:3      | Reached XP level 5. HP: 47/47 MP: 4/4
  2576 | D:4      | Reached skill level 5 in Polearms
  2816 | D:4      | Reached XP level 6. HP: 53/53 MP: 5/5
  2832 | D:4      | Reached skill level 6 in Polearms
  3078 | D:4      | Acquired Beogh's first power
  3984 | D:5      | Entered Level 5 of the Dungeon
  3988 | D:5      | Reached skill level 7 in Polearms
  3992 | D:5      | Noticed Eustachio
  4009 | D:5      | Killed Eustachio
  4009 | D:5      | Reached XP level 7. HP: 46/60 MP: 6/6
  4089 | D:5      | Reached skill level 8 in Polearms
  4175 | D:5      | Noticed Ijyb
  4192 | D:5      | Killed Ijyb
  4430 | D:5      | Noticed Edmund
  4449 | D:5      | Killed Edmund
  4449 | D:5      | Reached skill level 9 in Polearms
  4449 | D:5      | Reached XP level 8. HP: 44/68 MP: 7/7
  5013 | D:6      | Found a gateway to a ziggurat.
  5062 | D:6      | Reached skill level 10 in Polearms
  5260 | D:6      | Found a staircase to the Ecumenical Temple.
  5299 | D:6      | Acquired Beogh's second power
  5461 | D:6      | Noticed Menkaure
  5463 | D:6      | Got a brightly glowing quarterstaff
  5471 | D:6      | Killed Menkaure
  5471 | D:6      | Reached skill level 11 in Polearms
  5472 | D:6      | Identified the +3,+9 quarterstaff of Xom's Regard {venom, rElec rPois Dex+2} (You found it on level 6 of the Dungeon)
  5905 | D:7      | Found a staircase to the Ecumenical Temple.
  5927 | D:7      | Found a flagged portal.
  5945 | Bailey   | Entered a bailey
  6069 | Bailey   | Reached XP level 9. HP: 30/73 MP: 8/8
  6376 | Bailey   | Reached skill level 12 in Polearms
  6474 | Bailey   | Noticed an orc knight
  6474 | Bailey   | Noticed an orc knight
  6474 | Bailey   | Noticed an orc knight
  6497 | Bailey   | an orc knight (ally) was killed
  6502 | Bailey   | an orc knight (ally) was killed
  6509 | Bailey   | Killed an orc knight
  6509 | Bailey   | Acquired Beogh's third power
  6509 | Bailey   | Reached skill level 13 in Polearms
  7152 | Bailey   | Got a jewelled scimitar
  7265 | D:7      | Identified the cursed +2,+3 scimitar "Ysyaviup" {drain, Str+4} (You found it in a bailey)
  8437 | D:8      | Noticed Shauncat's ghost (experienced GrFi)
  8450 | D:8      | Killed Shauncat's ghost
  8450 | D:8      | Reached skill level 14 in Polearms
  8513 | D:8      | Reached XP level 10. HP: 81/81 MP: 9/9
  8825 | D:8      | Found Acidehew's Demolitions Depot.
  8842 | D:8      | Reached skill level 5 in Armour
  9132 | D:9      | Acquired Beogh's fourth power
  9241 | D:9      | Found a burning altar of Makhleb.
  9531 | D:9      | Found a glowing silver altar of Zin.
  9751 | D:9      | Found a glowing golden altar of the Shining One.
  9756 | D:9      | Found a bloodstained altar of Trog.
  9756 | D:9      | Found a shattered altar of Ashenzari.
  9765 | D:9      | Found a radiant altar of Vehumet.
  9771 | D:9      | Found a shimmering altar of Xom.
 10079 | D:10     | Entered Level 10 of the Dungeon
 10079 | D:10     | Noticed a hill giant
 10094 | D:9      | Killed a hill giant
 10298 | D:10     | Noticed Erolcha
 10311 | D:10     | Gained Warrok as an ally
 10315 | D:10     | Killed Erolcha
 10315 | D:10     | Reached skill level 10 in Armour
 10328 | D:10     | Got an ancient ruby amulet
 10626 | D:10     | Found a staircase to the Orcish Mines.
 10638 | D:10     | Noticed a hill giant
 10642 | D:10     | Killed a hill giant
 10642 | D:10     | Reached XP level 11. HP: 52/86 MP: 10/10
 10705 | D:10     | Noticed a hill giant
 10714 | D:10     | Killed a hill giant
 10804 | D:10     | Found Fiudimn's Magical Wand Boutique.
 11228 | D:11     | Noticed Harold
 11238 | D:11     | Killed Harold
 11239 | D:11     | Noticed TurtleSmacker's ghost (powerful DsFi)
 11248 | D:11     | Killed TurtleSmacker's ghost
 11518 | D:11     | Acquired Beogh's fifth power
 11544 | D:11     | Gained Brunolf as an ally
 11634 | D:11     | Found Cutteul's Gadget Boutique.
 12242 | D:12     | Noticed a hill giant
 12248 | D:12     | Killed a hill giant
 12296 | D:12     | Found a staircase to the Lair.
 12317 | D:12     | Killed an unseen horror
 12322 | D:12     | Noticed Joseph
 12337 | D:12     | Killed Joseph
 12473 | D:12     | Noticed a hill giant
 12482 | D:12     | Killed a hill giant
 12490 | D:12     | Noticed an eight-headed hydra
 12498 | D:12     | Killed an eight-headed hydra
 12543 | D:12     | Gained Hawl as an ally
 12571 | D:12     | Noticed Nessos
 12585 | D:12     | HP: 3/94 [very large slime creature (49)]
 12586 | D:12     | Beogh protects you from harm!
 12586 | D:12     | Shot with a poisoned arrow of flame by Nessos

Action                   |  1- 3 |  4- 6 |  7- 9 | 10-12 || total
-------------------------+-------+-------+-------+-------++-------
Melee: Trident           |   118 |   222 |   418 |   272 ||  1030
Invok: Convert to Beogh  |       |     1 |       |       ||     1
       Recall Orcish Fol |       |       |       |     5 ||     5
       Smiting           |       |       |       |     1 ||     1
       Stop Recall       |       |       |       |     1 ||     1
Evoke: Wand              |       |     2 |    16 |     4 ||    22
       Deck              |       |     2 |       |       ||     2
  Use: Scroll            |       |    10 |     5 |     2 ||    17
       Potion            |       |       |     1 |     2 ||     3
 Stab: Distracted        |       |       |       |     3 ||     3
       Confused          |       |       |       |     2 ||     2
